 Dungeon Crawl Stone Soup version 0.19.1 (webtiles) character file.

8919 Melicamp the Spear-Bearer (level 11, -5/94 HPs)
             Began as a Deep Dwarf Hunter on Nov 26, 2016.
             Was a High Priest of Okawaru.
             Succumbed to Haldmier's ghost's poison
             ... on level 2 of the Lair of Beasts on Nov 27, 2016.
             The game lasted 01:11:55 (9278 turns).

Melicamp the Spear-Bearer (Deep Dwarf Hunter)       Turns: 9278, Time: 01:11:56

Health: -5/94      AC: 27    Str: 22    XL:     11   Next: 16%
Magic:  3/3        EV:  7    Int: 13    God:    Okawaru [*****.]
Gold:   326        SH:  0    Dex: 13    Spells: 0 memorised, 10 levels left

rFire  . . .     SeeInvis .     y - +3 trident (flame)
rCold  . . .     Gourm    .     E - +3 plate armour
rNeg   . . .     Faith    .     (no shield)
rPois  .         Spirit   .     (no helmet)
rElec  .         Reflect  .     J - +2 cloak
rCorr  .         Harm     .     K - +1 pair of gloves
MR     +....                    u - +0 pair of boots
Stlth  ..........               (no amulet)
                                A - +4 ring of protection
                                b - +4 ring of strength

@: confused, lethally poisoned (-5 -> -66), non-regenerating
A: damage resistance, recharge devices, sense surroundings 2, slow regeneration
3
a: Device Recharging, Heroism, Finesse, Renounce Religion


You were on level 2 of the Lair of Beasts.
You worshipped Okawaru.
Okawaru was extremely pleased with you.
You were not hungry.

You visited 3 branches of the dungeon, and saw 13 of its levels.

You collected 599 gold pieces.
You spent 273 gold pieces at shops.

Inventory:

Hand Weapons
 a - a +3 hand crossbow of freezing
 i - a +3 trident of piercing
 y - a +3 trident of flaming (weapon)
Missiles
 q - 24 bolts
Armour
 u - a +0 pair of boots (worn)
 E - a +3 plate armour (worn)
 J - a +2 cloak (worn)
 K - a +1 pair of gloves (worn)
Jewellery
 b - a +4 ring of strength (left hand)
 m - a +3 ring of evasion
 A - a +4 ring of protection (right hand)
Wands
 e - a wand of heal wounds (2/9)
 D - a wand of lightning (6/15)
 I - a wand of polymorph (14/24)
Scrolls
 d - a scroll of amnesia
 k - 5 scrolls of remove curse
 v - 3 scrolls of magic mapping
 w - a scroll of blinking
Potions
 j - a potion of heal wounds
 l - a potion of cure mutation {unknown}
 p - a potion of resistance {unknown}
 r - a potion of degeneration {unknown}
 s - 3 potions of agility
 x - a potion of mutation {unknown}
 z - a potion of invisibility {unknown}
 C - a potion of brilliance {unknown}
 F - a potion of cancellation {unknown}
 G - 2 potions of haste
Comestibles
 f - 7 bread rations
 n - 2 meat rations
 t - 8 slices of pizza
 H - a beef jerky


   Skills:
 - Level 5.1 Fighting
   Level 2.0 Short Blades
 * Level 11.4 Polearms
 - Level 8.0 Crossbows
 - Level 8.3 Armour
 - Level 2.1 Dodging
 - Level 1.2 Stealth
 + Level 3.8 Invocations
 - Level 1.8 Evocations


You had 10 spell levels left.
You didn't know any spells.

Dungeon Overview and Level Annotations

Branches:
Dungeon (10/15)            Temple (1/1) D:6            Lair (2/6) D:8
  Swamp: Lair:2-4    Shoals: Lair:2-4     Snake: Lair:2-4    Spider: Lair:2-4
    Orc: D:9-12

Altars:
Ashenzari
Cheibriados
Dithmenos
Elyvilon
Fedhas
Gozag
Hepliaklqana
Kikubaaqudgha
Makhleb
Nemelex Xobeh
Okawaru
Qazlal
Ru
Sif Muna
Trog
Uskayaw
Vehumet
Xom
Yredelemnul
Zin
The Shining One

Shops:
D:9 %[

Portals:
Abyss: D:8

Annotations:
D:2 No more gnolls
D:5 Grinder
D:8 exclusions: 2 oklob plants and 1 more exclusion
Lair:2 Haldmier's ghost, journeyman HEHu


Innate Abilities, Weirdness & Mutations

You are resistant to damage.
You can recharge devices by infusing magical energy.
You passively map the area around you.
You do not regenerate.


Message History

You feel very sick.
The spiny frog stings you but does no damage.
Evoke which item? (* to show all) (? for menu, Esc to quit)
Zapping:
e - a wand of heal wounds (4/9)
Press: ? - help, Shift-Dir - straight line, f - you, p - Haldmier's ghost Nothing appears to happen.
This wand has 3 charges left.
* * * LOW HITPOINT WARNING * * *
You feel very sick.
The komodo dragon seems less confused.
Haldmier's ghost gestures at you while chanting.
The ball explodes into a vile cloud!
The stinking cloud engulfs you!
The stinking cloud engulfs the spiny frog.
The spiny frog appears unharmed.
The spiny frog stings you but does no damage.
Evoke which item? (* to show all) (? for menu, Esc to quit)
Zapping:
e - a wand of heal wounds (3/9)
Press: ? - help, Shift-Dir - straight line, f - you Nothing appears to happen.
This wand has 2 charges left.
You are engulfed in noxious fumes.
You die...

##.##.## #...........P..#.....
#....#.#####...#..#.............
#..................####........
##P..l.#l.#.......#####........
#####...§##.l.#....###...........
........###....#....#.......#.###
.....##.#.#...§§...........#.##
..P..........PWF§.........####
.##.<.######.##§@.........#
#....#.##.#.l...§§..P...###
.#...........F..........#
....P........#....#>...##
..###P...........##....# ##**
...........#....### ,*
..........###§.## ,
...#.......##§#.# ,
##....#.##§..#


You could see a komodo dragon, a spiny frog, 2 basilisks, a bullfrog and
Haldmier's ghost.

Vanquished Creatures
  Pikel (D:8)
  2 komodo dragons
  4 spiny frogs (Lair:1)
  A troll (D:8)
  3 hornets
  A two-headed ogre (D:9)
  2 hippogriffs (D:9)
  2 wyverns
  A human (D:7)
  The ghost of Zebulonius the Chopper, an amateur MiBe of Trog (D:3)
  4 hogs (D:7)
  Duvessa (D:7)
  4 water moccasins
  2 porcupines (Lair:1)
  3 orc warriors
  3 sky beasts
  A black bear (Lair:2)
  2 phantoms
  5 ogres
  A wolf (D:8)
  A centaur (D:8)
  2 crocodiles
  Blork the orc (D:9)
  A big kobold (D:9)
  8 bullfrogs
  2 gnoll sergeants
  A scorpion (D:9)
  Dowan (D:7)
  3 howler monkeys
  5 crimson imps
  5 orc wizards
  3 hounds
  3 orc priests
  A bullfrog skeleton (D:7)
  2 iguanas
  6 worker ants
  A hound zombie (D:9)
  5 adders (D:2)
  16 gnolls
  A shadow imp (D:7)
  An ooze (D:1)
  An adder skeleton (D:7)
  6 worms
  5 dart slugs
  3 leopard geckos
  26 orcs
  2 ball pythons
  5 giant cockroaches
  8 goblins
  4 hobgoblins
  9 jackals
  4 quokkas
  5 bats
  2 frilled lizards (D:2)
  7 kobolds
  A leopard gecko zombie (D:5)
  A quokka zombie (D:5)
  5 rats
207 creatures vanquished.

Vanquished Creatures (others)
  3 slaves (D:8)
  An ogre (D:8)
  A bullfrog (Lair:2)
  3 hounds (D:8)
  A hound zombie (D:8)
  An adder (D:8)
  A jackal (D:8)
  A quokka (D:6)
12 creatures vanquished.

Grand Total: 219 creatures vanquished

Notes
Turn   | Place    | Note
-------+----------+-------------------------------------------
     0 | D:1      | Melicamp the Deep Dwarf Hunter began the quest for the Orb.
     0 | D:1      | Reached XP level 1. HP: 19/19 MP: 1/1
    77 | D:1      | Reached XP level 2. HP: 26/26 MP: 2/2
   100 | D:1      | Reached skill level 5 in Crossbows
   498 | D:2      | Reached XP level 3. HP: 32/32 MP: 3/3
   900 | D:3      | Noticed Zebulonius's ghost (amateur MiBe)
   926 | D:2      | Found a radiant altar of Vehumet.
   985 | D:2      | Reached skill level 1 in Armour
   990 | D:2      | Reached XP level 4. HP: 34/39 MP: 4/4
  1372 | D:2      | Reached XP level 5. HP: 33/45 MP: 5/5
  1419 | D:2      | Found an iron altar of Okawaru.
  1735 | D:3      | Killed Zebulonius's ghost
  1735 | D:3      | Reached XP level 6. HP: 21/52 MP: 5/5
  2038 | D:3      | Found a shimmering altar of Xom.
  2180 | D:3      | Found a shimmering altar of Xom.
  2180 | D:3      | Found a shimmering altar of Xom.
  2181 | D:3      | Found a shimmering altar of Xom.
  2182 | D:3      | Found a shimmering altar of Xom.
  2182 | D:3      | Found a shimmering altar of Xom.
  2182 | D:3      | Found a shimmering altar of Xom.
  2271 | D:3      | HP: 1/52 [something/puff of flame (9)]
  2351 | D:3      | You fall through a shaft for 3 floors!
  2357 | D:6      | Found a white marble altar of Elyvilon.
  2383 | D:5      | Entered Level 5 of the Dungeon
  2449 | D:5      | Reached skill level 1 in Evocations
  2557 | D:5      | Reached XP level 7. HP: 45/58 MP: 5/7
  2876 | D:5      | Noticed Grinder
  2912 | D:4      | Reached skill level 1 in Polearms
  2962 | D:4      | Reached skill level 2 in Polearms
  3143 | D:4      | Found a shattered altar of Ashenzari.
  3313 | D:4      | Noticed a wyvern
  3327 | D:4      | Killed a wyvern
  3327 | D:4      | Reached skill level 3 in Polearms
  3352 | D:4      | Reached skill level 4 in Polearms
  3665 | D:4      | Reached XP level 8. HP: 11/67 MP: 6/6
  4028 | D:6      | Found a staircase to the Ecumenical Temple.
  4034 | Temple   | Entered the Ecumenical Temple
  4221 | D:2      | Became a worshipper of Warmaster Okawaru
  4490 | D:6      | Reached skill level 5 in Polearms
  4841 | D:6      | Reached * piety under Okawaru
  4841 | D:6      | Reached skill level 6 in Polearms
  5420 | D:7      | Noticed a hornet
  5430 | D:7      | Killed a hornet
  5509 | D:7      | Gained mutation: You passively map the area around you. [Deep Dwarf growth]
  5509 | D:7      | Reached XP level 9. HP: 40/78 MP: 5/5
  5529 | D:7      | Noticed Dowan
  5536 | D:7      | Killed Dowan
  5536 | D:7      | Reached skill level 7 in Polearms
  5537 | D:7      | Noticed Duvessa
  5549 | D:7      | Killed Duvessa
  5631 | D:7      | Reached ** piety under Okawaru
  5631 | D:7      | Reached skill level 5 in Fighting
  5631 | D:7      | Reached skill level 8 in Polearms
  5781 | D:8      | Noticed Pikel
  5795 | D:8      | Killed Pikel
  5799 | D:8      | Reached *** piety under Okawaru
  5827 | D:8      | Reached skill level 9 in Polearms
  5827 | D:8      | Reached skill level 5 in Armour
  6008 | D:8      | Paralysed by a hornet for 2 turns
  6064 | D:8      | Found a staircase to the Lair.
  6064 | D:8      | Noticed a troll
  6084 | D:8      | Killed a troll
  6084 | D:8      | Reached skill level 1 in Invocations
  6084 | D:8      | Reached XP level 10. HP: 43/88 MP: 3/3
  6272 | D:8      | Paralysed by a hornet for 2 turns
  6275 | D:8      | Paralysed by a hornet for 1 turns
  6439 | D:8      | Noticed a hell beast
  6439 | D:8      | Found a one-way gate to the infinite horrors of the Abyss.
  6440 | D:8      | Noticed a rust devil
  6596 | D:8      | Found a blossoming altar of Fedhas.
  6599 | D:8      | Noticed an oklob plant
  6599 | D:8      | Noticed an oklob plant
  6959 | D:9      | Found Bocuek's Food Shoppe.
  7009 | D:9      | Reached **** piety under Okawaru
  7031 | D:9      | Found a glowing silver altar of Zin.
  7080 | D:9      | Paralysed by a hornet for 2 turns
  7092 | D:9      | Reached skill level 10 in Polearms
  7170 | D:9      | Found Oduigai's Antique Armour Shop.
  7178 | D:9      | Bought an embroidered cloak for 273 gold pieces
  7438 | D:9      | Noticed Blork the orc
  7454 | D:9      | Found a deep blue altar of Sif Muna.
  7465 | D:9      | Killed Blork the orc
  7549 | D:9      | Received a gift from Okawaru
  8109 | D:10     | Entered Level 10 of the Dungeon
  8168 | Lair:1   | Entered Level 1 of the Lair of Beasts
  8338 | Lair:1   | Found a dark tunnel.
  8471 | Lair:1   | Noticed a spiny frog
  8479 | Lair:1   | Killed a spiny frog
  8489 | Lair:1   | Noticed a spiny frog
  8506 | Lair:1   | Killed a spiny frog
  8506 | Lair:1   | Reached ***** piety under Okawaru
  8678 | Lair:1   | Reached skill level 11 in Polearms
  8695 | Lair:1   | Noticed a spiny frog
  8702 | Lair:1   | Killed a spiny frog
  8702 | Lair:1   | Reached XP level 11. HP: 70/94 MP: 4/4
  8714 | Lair:1   | Received a gift from Okawaru
  9148 | Lair:2   | Noticed Haldmier's ghost (journeyman HEHu)
  9277 | Lair:2   | HP: 1/94 [poisoned by Haldmier's ghost]
  9278 | Lair:2   | Succumbed to Haldmier's ghost's poison

Skill      XL: |  1  2  3  4  5  6  7  8  9 10 |
---------------+-------------------------------+-----
Crossbows      | 5 6 7 8 |  8.0
Armour         | 1 2 3 4 5 8 |  8.3
Evocations     | 1 |  1.8
Short Blades   | 2 |  2.0
Polearms       | 4 6 9 11 | 11.4
Fighting       | 2 4 5 |  5.1
Invocations    | 1 3 |  3.8
Dodging        | |  2.1
Stealth        | |  1.2

Action                   |  1- 3 |  4- 6 |  7- 9 | 10-12 || total
-------------------------+-------+-------+-------+-------++-------
Melee: Short sword       |       |   187 |    46 |       ||   233
       Hand crossbow     |       |     9 |       |       ||     9
       Trident           |       |       |   375 |   344 ||   719
 Fire: Hand crossbow     |    55 |    34 |     5 |     8 ||   102
 Abil: Device Recharging |       |     1 |     7 |     2 ||    10
Evoke: Wand              |       |     7 |    25 |    12 ||    44
  Use: Scroll            |     4 |     7 |    10 |     9 ||    30
       Potion            |       |     1 |     1 |     8 ||    10
 Stab: Sleeping          |       |       |     3 |       ||     3
  Eat: Chunk             |       |     5 |     4 |     6 ||    15
       Bread ration      |       |       |     2 |       ||     2
       Beef jerky        |       |       |       |     2 ||     2
       Pizza             |       |       |       |     1 ||     1
Armor: Ring mail         |    35 |    71 |    95 |     7 ||   208
       Plate armour      |       |       |       |   170 ||   170
       Skin              |       |       |       |    22 ||    22
Dodge: Dodged            |    42 |   127 |   195 |    78 ||   442
